[Event "*** Titled Tuesday Blitz"]
[Site "Chess.com"]
[Date "2019.01.01"]
[Round "7"]
[White "gmjlh"]
[Black "Arman_Hakemi"]
[Result "1-0"]
[WhiteElo "2645"]
[BlackElo "2471"]
[TimeControl "180+2"]
[EndTime "14:42:01 PST"]
[Termination "gmjlh won on time"]

1. c4 e5 2. g3 Nf6 3. Nc3 Bb4 4.
e4 Bxc3 5. dxc3 O-O 6. f3 d6 7. Nh3 Nbd7 8. Nf2 Nc5 9. g4 a5 10. h4 b6 11. h5 Nfd7 12. b3 Ne6 13. Be3 Nf4 14. Qd2 Qf6 15. Nh3 g5 16. h6 Nc5 17.
Nxf4 gxf4 18. Bf2 Ne6 19. Rh5 Qg6 20. O-O-O Ng5 21. Be2 Be6 22. Kb2 f6 23. Bh4 Kh8 24. a3 Qg8 25. a4 Bf7 26. Bxg5 Bxh5 27. Bh4 Bg6 28. Rh1 Qe6 29. Qd5 Qxd5 30. cxd5 Kg8 31. Bb5 Kf7 32. Bd7 Ke7 33. Be6 Be8 34. g5 Bg6 35. Rg1 fxg5 36. Bxg5+ Ke8 37. Bh4 Rd8 38.
Bxd8 Kxd8 39. Bf5 Bxf5 40. exf5 Ke7 41. Rg5 Rf7 42. Kc2 Kf6 43. Rg8 Kxf5 44. Kd3 Rf6 45. Rg7 Rxh6 46. Rf7+ Kg5 47. Rxc7 Kh4 48. Rg7 Kh3 49.
Ke4 Kh2 50. b4 axb4 51. cxb4 Rh3 52. a5 bxa5 53. bxa5 h5 54. a6 Rg3 55. a7 Rxg7 56. a8=Q h4 57. Qh8 Rg3 58. Qxh4+ Kg2 59. Qh5 Kf2 60. Qh2+ Rg2 61. Qh6 Rg3 62. Qxd6 Rxf3 63. Kxe5 Kg3 64. Qg6+ Kf2 65. d6 Re3+ 66. Kxf4 Rf3+ 67.
Ke5 Re3+ 68. Qe4 Rxe4+ 69. Kxe4 1-0

[Event "*** Titled Tuesday Blitz"]
[Site "Chess.com"]
[Date "2019.01.01"]
[Round "7"]
[White "tgpgoat"]
[Black "aa175"]
[Result "1/2-1/2"]
[WhiteElo "1987"]
[BlackElo "1924"]
[TimeControl "180+2"]
[EndTime "14:42:04 PST"]
[Termination "Game drawn by repetition"]

1. d4 e5 2. dxe5 Nc6 3. Nf3 Qe7 4. Nc3 Nxe5 5. Bf4 d6 6. Qd2 Bg4 7. O-O-O Nf6 8. Nxe5 dxe5 9. Bg3 h5 10. h3 Bf5 11. f3 g6 12. e4 Bh6 13. f4 h4 14. Bh2 Nxe4 15. Nxe4 Bxe4 16. Re1 f5 17. Kb1 O-O 18. Bc4+ Kh8 19. Qc3 Bg7 20. fxe5 c6 21. Bd3 Bxg2 22. Rhg1 Bxh3 23. Rxg6 Bg4 24. Bf4 Qf7 25. Rd6 Rad8 26. Bc4 Qe7 27. Re6 Qc5 28. Bh6 Qf2 29. Bxg7+ Kxg7 30. Re7+ Kg6 31. Rc1 Qf4 32. b3 h3 33. e6 Rf6 34. Qa5 b5 35. Qxd8 bxc4 36.
Qg8+ Kh5 37. Rh7+ Rh6 38. Qf7+ Kh4 39. Qf6+ Kh5 40. Qxh6+ Qxh6 41. Rxh6+ Kxh6 42. e7 Bh5 43. Rh1 Be8 44. Rxh3+ Kg5 45. Rc3 cxb3 46. axb3 f4 47. Kc1 Kg4 48. Kd2 Kf5 49. Ke2 Bh5+ 50. Kf2 Be8 51. Kf3 Ke6 52. Kxf4 Kxe7 53. Ke5 Kd7 54. Rd3+ Kc7 55. Kf6 Kb6 56. Ke7 Bg6 57. Rd6 Bxc2 58. b4 Kb5 59. Rd7 Kxb4 60. Rxa7 c5 61. Kd6 c4 62. Kd5 Kc3 63. Rc7 Bb3 64. Ke4 Kb2 65. Kd4 Ba2 66. Rc5 Bb3 67. Rc8 Ba2 68. Rb8+ Bb3 69.
Rc8 Ba2 70. Ke3 c3 71. Kd3 Bb1+ 72. Ke2 Bc2 73. Rb8+ Bb3 74. Kd3 c2 75. Rc8 Ba4 76. Kd2 Bb3 77. Rc3 Ba4 78. Rc7 Bb3 79. Rc6 Ba4 80.
Rc5 Bb3 81. Rc7 Ba4 82. Rb7+ Bb3 83. Rc7 Ba4 84. Rc5 Bb3 85. Rc6 Kb1 86. Rc5 Kb2 87. Rc7 Ba4 88. Rb7+ Bb3 89. Rc7 Kb1 90. Rc3 Ba4 91.
Rc4 Bb3 92. Rc7 Kb2 93. Rc6 Kb1 94. Rc3 Kb2 95. Rc5 Ba4 96. Rc8 Bb3 97. Rc7 1/2-1/2

[Event "*** Titled Tuesday Blitz"]
[Site "Chess.com"]
[Date "2019.01.01"]
[Round "7"]
[White "aRk_iN"]
[Black "Zarikovs1999"]
[Result "1/2-1/2"]
[WhiteElo "2078"]
[BlackElo "2251"]
[TimeControl "180+2"]
[EndTime "14:42:07 PST"]
[Termination "Game drawn by repetition"]

1. e4 c5 2. Nf3 Nf6 3. Nc3 d5 4. exd5 Nxd5 5. Bb5+ Bd7 6. Qe2 Nxc3 7. dxc3 Nc6 8. O-O e6 9. Bf4 Be7 10. Rad1 Qc8 11. Bd6 Bxd6 12. Rxd6 O-O 13. Rfd1 Be8 14. h4 Qc7 15. h5 h6 16. R6d2 a6 17. Bd3 Qe7 18.
Ne5 Nxe5 19. Qxe5 Bc6 20. c4 Rad8 21. Re1 Qf6 22. Qxf6 gxf6 23. Re3 f5 24. Rde2 Rd4 25. g3 Rfd8 26. Re5 b6 27. b3 f4 28. gxf4 Rxf4 29. R2e3 Rg4+ 30. Rg3 Rd4 31. Kf1 Rxg3 32. fxg3 Rg4 33. Kf2 Kg7 34. Re1 Kf6 35. Be2 Rg5 36. Rd1 Rf5+ 37. Ke3 Re5+ 38. Kf2 Be4 39. c3 Ke7 40. a3 Bc2 41. Rd2 Be4 42. b4 Bc6 43. Rb2 Rf5+ 44. Ke3 Re5+ 45. Kf2 Kd6 46. Rd2+ Kc7 47.
Rd1 Rf5+ 48. Ke3 Re5+ 49. Kf2 f6 50. Rd2 Rf5+ 51. Ke3 Re5+ 52. Kf2 a5 53. Rd1 Re4 54. Rd2 Re5 55. Rd1 Rf5+ 56. Ke3 Rg5 57. Kf2 e5 58. Rd2 e4 59. Rd1 e3+ 60. Kxe3 Rxg3+ 61. Kd2 Rg2 62. Rf1 Be8 63. Kd1 Rg3 64. Kd2 Rg2 65. Kd1 Rg3 66. Kd2 Rg5 67. Rxf6 Bxh5 68. Rxh6 Bxe2 69. Kxe2 Rg3 70.
Kd2 Rg2+ 71. Kd3 Ra2 72. b5 Rxa3 73. Rh7+ Kb8 74. Rh8+ Kc7 75. Rh7+ Kc8 76. Rh8+ Kd7 77. Rh7+ Kd8 78. Rh8+ Kc7 79. Rh7+ 1/2-1/2

[Event "*** Titled Tuesday Blitz"]
[Site "Chess.com"]
[Date "2019.01.01"]
[Round "7"]
[White "Peroncio"]
[Black "Keranke"]
[Result "1-0"]
[WhiteElo "2648"]
[BlackElo "2745"]
[TimeControl "180+2"]
[EndTime "14:42:27 PST"]
[Termination "Peroncio won by resignation"]

1. e4 g6 2. d4 Bg7 3. Nf3 d6 4. c3 Nf6 5. Bd3 O-O 6. O-O Nbd7 7. h3 e5 8. Re1 Re8 9. Be3 d5 10. dxe5 dxe4 11. exf6 Nxf6 12. Be2 exf3 13. Bxf3 c6 14.
Nd2 Be6 15. Nb3 Nd5 16. Bd4 Qg5 17. Bxg7 Kxg7 18. Qd4+ Kg8 19. Re5 Qh6 20. Nc5 Nf4 21. Qe3 Rab8 22. Bg4 Kg7 23. Bxe6 Nxe6 24. Nxe6+ fxe6 25. Rxe6 Qxe3 26. Rxe3 Rxe3 27. fxe3 Rd8 28. Rf1 Rd2 29.
Rf2 Rd1+ 30. Kh2 Re1 31. Rd2 Kf6 32. Rd7 b5 33. Rxa7 Rxe3 34. Rc7 Re6 35. Rxh7 Re2 36. Rc7 Rxb2 37. Rxc6+ Kg5 38. Rc5+ Kh4 39. a4 bxa4 40. Rc4+ Kh5 41. Rxa4 Rc2 42. Rc4 g5 43. Rc8 Rd2 44.
c4 Rc2 45. c5 Kg6 46. c6 Kg7 47. Kg3 Rc3+ 48. Kg4 Kg6 49. Rg8+ Kh6 50. Rc8 Kg6 51. c7 Rc4+ 52. Kf3 Kg7 53. Ke3 Rc1 54. Ke4 Rc2 55. Kf5 Rc5+ 56. Kg4 Kh7 57. Kh5 Kg7 58. g4 Kh7 59. Rd8 Rxc7 60. Kxg5 Ra7 61. Rd5 Ra3 62. h4 Ra7 63. Kh5 Rg7 64. g5 Ra7 65. Rd4 Rb7 66. Kg4 Rb1 67. h5 Rg1+ 68. Kf5 Rf1+ 69. Rf4 Rh1 70.
h6 Ra1 71. Kg4 Rg1+ 72. Kh5 Rh1+ 73. Rh4 Rg1 74. Rh3 Rg2 75. Ra3 Rh2+ 76. Kg4 Rg2+ 77. Kh4 Rh2+ 78. Kg3 Rh1 79. Ra7+ Kg8 80. Kg4 Rb1 81.
g6 1-0

[Event "*** Titled Tuesday Blitz"]
[Site "Chess.com"]
[Date "2019.01.01"]
[Round "7"]
[White "Berardino"]
[Black "Alexander_Donchenko"]
[Result "1/2-1/2"]
[WhiteElo "2417"]
[BlackElo "2661"]
[TimeControl "180+2"]
[EndTime "14:43:11 PST"]
[Termination "Game drawn by agreement"]

1. d4 d6 2. e4 Nf6 3. Nc3 e5 4. Nf3 Nbd7 5. g4 h6 6. h3 Be7 7. Be3 c6 8. a4 a5 9. Qd2 Qc7 10. Be2 Nf8 11. O-O-O Ne6 12. d5 Nf8 13. g5 hxg5 14.
Nxg5 N6h7 15. h4 Bd7 16. Bc4 Nxg5 17. hxg5 Rxh1 18. Rxh1 Ng6 19. Rh7 Bf8 20. f4 exf4 21. Bxf4 O-O-O 22. Bg3 Bg4 23. dxc6 bxc6 24. Qf2 Ne5 25.
Bxe5 dxe5 26. Qxf7 Qxf7 27. Bxf7 Kc7 28. Bg6 Be6 29. Bf5 Bc4 30. Rh1 Bc5 31. Rh7 Bf8 32. b3 Bg8 33. Rh1 Be7 34. g6 Bb4 35. Kb2 Re8 36. Nd1 Be6 37. Ne3 Bc5 38. Bxe6 Bxe3 39.
Bf7 Rd8 40. Rh7 Rd2 41. Rxg7 Bd4+ 42. Kc1 Bc3 43. Bc4+ Kb6 44. Rh7 Rg2 45. Rh1 Rxg6 46.
Bd3 Kc5 47. Kb1 Rg2 48. Ka2 Kd4 49. Rf1 Rd2 50. Rh1 Rg2 51. Rf1 Rh2 52. Rg1 Rf2 53.
Rd1 Bd2 54. Rh1 Rg2 55. Rf1 Ke3 56. Rh1 Bc3 57. Rf1 Rd2 58. Rh1 c5 59. Rh3+ Kd4 60. Rh1 Rf2 61. Rg1 Rh2 62. Rf1 Rg2 63. Rh1 Rd2 64.
Rf1 Rh2 65. Rg1 c4 66. bxc4 Rh8 67. Rg6 Rb8 68. Rd6+ Ke3 69. c5 Rb2+ 70. Ka3 Rb1 71. Ka2 Rb2+ 72. Ka3 Rb8 73. Rb6 Rc8 74. c6 Kd4 75. Kb3 Rc7 76. Bb5 Bb4 77. Rb7 Rxb7 78.
cxb7 Bd6 79. Bc6 Bc7 80. Bd5 Bd6 81. c3+ Kc5 82. Kc2 Bc7 83. Kd3 Bd6 84. Ke3 Bc7 85. Kf3 Kd6 86. Kg4 Ke7 87. Kf5 Bb8 88. Kg6 Bc7 89.
Kf5 Bb8 90. Kg4 Bc7 91. Kf3 Kd6 92. Ke2 Kc5 93. Ke3 Bb8 1/2-1/2

[Event "*** Titled Tuesday Blitz"]
[Site "Chess.com"]
[Date "2019.01.01"]
[Round "7"]
[White "Ali_rastbod"]
[Black "FelixBlohberger"]
[Result "1-0"]
[WhiteElo "2596"]
[BlackElo "2578"]
[TimeControl "180+2"]
[EndTime "14:47:07 PST"]
[Termination "Ali_rastbod won on time"]

1. c4 Nf6 2. Nc3 g6 3. g3 Bg7 4. Bg2 O-O 5. Nf3 Nc6 6. d4 d5 7. cxd5 Nxd5 8. O-O Bf5 9. Nh4 Be6 10. e4 Nxc3 11. bxc3 Na5 12. d5 Bd7 13. Be3 Bxc3 14. Rc1 Bg7 15. Bd2 b6 16. Bxa5 bxa5 17. Qd2 Rc8 18. Qxa5 c6 19. Qxa7 Ra8 20. Qb7 cxd5 21. Qxd5 Be6 22. Qxd8 Rfxd8 23. Rcd1 Bxa2 24. Nf3 Bc4 25. Rfe1 h6 26. h3 g5 27. Bf1 Be6 28. Kg2 Bb3 29. Rc1 Rac8 30. Rxc8 Rxc8 31. Re2 Be6 32. Rd2 Bf6 33. Nd4 Rd8 34. Nf3 Rc8 35. Nd4 Rd8 36. Nf3 Rxd2 37. Nxd2 Bc3 38. Nc4 Bd4 39. f4 Bc8 40. fxg5 hxg5 41. g4 Bb7 42. Bd3 Kg7 43. Kf3 e6 44. Nd6 Bc6 45. Bb5 Ba8 46.
Ne8+ Kg6 47. Nc7 Bb7 48. Ba6 Bc6 49. Bb5 Bb7 50. Ba6 Bc6 51. Bb5 Bb7 52. Ba6 Bc6 53.
Bb5 Bxb5 54. Nxb5 Be5 55. Na3 Bc7 56. Nc4 Kf6 57. Ke3 Bf4+ 58. Kd4 Bc7 59. e5+ Kg6 60. Ke4 Bb8 61. Nd2 Bc7 62. Nf3 Bb8 63. Nd4 Bc7 64.
Nc6 Bb6 65. Ne7+ Kg7 66. Nc6 Kg6 67. Nb4 Kg7 68. Nd3 Kg6 69. Ne1 Kg7 70. Nf3 Kg6 71. Kd3 Bc7 72. Kd4 Bb6+ 73. Kc4 Bf2 74. Kb5 Bg3 75. Kc6 Bf4 76. Kd6 Bg3 77. Nd4 Bf4 78.
Nc6 Bg3 79. Ke7 Kg7 80. Nd8 Bxe5 81. Nxf7 Bf4 82. Kxe6 Kg6 83. Ne5+ Kg7 84. Kf5 Bc1 85. Nd3 Bd2 86. Nf2 Bc1 87. Ne4 Kh6 88. Kf6 Bb2+ 89.
Kf7 Bc1 90. Nd6 Bd2 91. Nf5+ Kh7 92. Kf6 Bc1 93. Ng3 Kh6 94. Kf5 Bf4 95. Nh5 Bc1 96. Nf6 Bd2 97. Ne4 Bc1 98. Kf6 Bb2+ 99. Kf7 Bc1 100.
Ng3 Bd2 101. Nf5+ Kh7 102. Ke6 Kg6 103. Nd6 Bc1 104. Ne4 Be3 105. Nf6 Bc1 106. Nd5 Bd2 107. Ne7+ Kh6 108. Kf5 Bc1 109. Ng8+ Kg7 110. Nf6 Kh6 111. Ne4 Be3 112. Ke6 Kg6 113. Ng3 Bf4 114. Nf5 Bc1 115. Ke5 Bb2+ 116. Ke4 Bc1 117. Nd4 Kf6 118. Nf3 Bb2 119. Kd5 Bc1 120. Ne5 Bd2 121. Nd7+ Kg6 122. Ke6 Bc1 123. Nf8+ Kg7 124. Nd7 Kg6 125. Ke7 Ba3+ 126. Ke8 Bb4 127. Ne5+ Kf6 128. Nf3 Ba3 129. Kd7 1-0

[Event "*** Titled Tuesday Blitz"]
[Site "Chess.com"]
[Date "2019.01.01"]
[Round "8"]
[White "AnonymousBread"]
[Black "Viaje"]
[Result "1-0"]
[WhiteElo "2526"]
[BlackElo "2326"]
[TimeControl "180+2"]
[EndTime "14:49:38 PST"]
[Termination "AnonymousBread won by resignation"]

1. d4 Nf6 2. c4 c5 3. d5 b5 4. cxb5 a6 5. bxa6 g6 6. Nc3 Bg7 7. e4 O-O 8. g3 Nxa6 9. Nf3 d6 10. Bg2 Qa5 11. O-O Nd7 12. Bd2 Nc7 13. Re1 Nb5 14. Qc2 Nd4 15. Nxd4 Bxd4 16. Ne2 Qa4 17. Qxa4 Rxa4 18. Nxd4 cxd4 19. b3 Ra8 20. a4 Ba6 21. b4 Bc4 22. Rec1 Bb3 23. a5 Rfb8 24. Ra3 1-0

[Event "*** Titled Tuesday Blitz"]
[Site "Chess.com"]
[Date "2019.01.01"]
[Round "8"]
[White "Kazakov_Konstantin"]
[Black "juniortay"]
[Result "0-1"]
[WhiteElo "2539"]
[BlackElo "2412"]
[TimeControl "180+2"]
[EndTime "14:50:18 PST"]
[Termination "juniortay won by resignation"]

1. e4 e5 2. Nf3 Nf6 3. Nc3 Nc6 4. a3 Nxe4 5. Nxe4 d5 6. Bb5 dxe4 7. Nxe5 Qd5 8. Bxc6+ bxc6 9. d4 exd3 10. O-O Be6 11. Nxd3 Bd6 12. Bf4 O-O 13. Qe2 Bf5 14. Rad1 Rfe8 15.
Qd2 Bxd3 16. Bxd6 Bxf1 0-1

[Event "*** Titled Tuesday Blitz"]
[Site "Chess.com"]
[Date "2019.01.01"]
[Round "8"]
[White "rikyshi"]
[Black "MFguimaraes"]
[Result "1-0"]
[WhiteElo "2212"]
[BlackElo "2311"]
[TimeControl "180+2"]
[EndTime "14:50:52 PST"]
[Termination "rikyshi won by resignation"]

1. d4 d5 2. Nc3 Bf5 3. Bf4 c6 4. f3 Nf6 5. g4 Bg6 6. h4 h6 7. e3 e6 8. Bd3 Bxd3 9. Qxd3 Bd6 10. Nge2 Qc7 11. O-O-O Nbd7 12. g5 Nh5 13. Bxd6 Qxd6 14. g6 f5 15. e4 O-O 16. e5 Qe7 17. f4 c5 18. Qf3 cxd4 19. Nxd4 Nhf6 20. exf6 Qxf6 21.
h5 Nc5 22. Nb3 Ne4 23. Nxe4 fxe4 24. Qg4 Qxf4+ 25. Qxf4 Rxf4 26. Nd4 e5 27. Ne6 Rf6 28. Nc7 Rd8 29. Nxd5 Rfd6 30. Ne7+ Kf8 31. Nf5 Rd5 32.
Ne3 Rd4 33. Nf5 R4d5 34. Rxd5 Rxd5 35. Rd1 Rxd1+ 36. Kxd1 1-0

[Event "*** Titled Tuesday Blitz"]
[Site "Chess.com"]
[Date "2019.01.01"]
[Round "8"]
[White "Generalas"]
[Black "j2806"]
[Result "1-0"]
[WhiteElo "2234"]
[BlackElo "1724"]
[TimeControl "180+2"]
[EndTime "14:50:59 PST"]
[Termination "Generalas won by checkmate"]

1. e4 c5 2. c3 d5 3. exd5 Qxd5 4. d4 cxd4 5. cxd4 Nc6 6. Nf3 e6 7. a3 Nf6 8. Nc3 Qd8 9. Bc4 Be7 10. O-O O-O 11. Re1 a6 12. Bg5 b5 13. Ba2 Bb7 14.
Qd3 h6 15. Bh4 Qd7 16. Rad1 Rfd8 17. Bb1 Qc7 18. Bxf6 Bxf6 19. d5 exd5 20. Nxd5 Qd6 21. Qh7+ Kf8 22. Qh8# 1-0

[Event "*** Titled Tuesday Blitz"]
[Site "Chess.com"]
[Date "2019.01.01"]
[Round "8"]
[White "jcibarra"]
[Black "afgano29"]
[Result "0-1"]
[WhiteElo "2727"]
[BlackElo "2664"]
[TimeControl "180+2"]
[EndTime "14:51:03 PST"]
[Termination "afgano29 won by resignation"]

1. e4 e6 2. d4 d5 3. Nd2 Nf6 4. e5 Nfd7 5. f4 c5 6. c3 Nc6 7. Ndf3 Be7 8. Bd3 a5 9. Ne2 b6 10. f5 Ba6 11. fxe6 fxe6 12. Nf4 Nf8 13. Bc2 Qd7 14. h4 O-O-O 15. Ng5 Bxg5 16. hxg5 Kb7 17. Be3 cxd4 18. cxd4 Ne7 19. Rc1 Nfg6 20. Nxg6 hxg6 21. Kf2 Qb5 22. g4 Rxh1 23. Qxh1 Qe2+ 0-1

[Event "*** Titled Tuesday Blitz"]
[Site "Chess.com"]
[Date "2019.01.01"]
[Round "8"]
[White "TST2014"]
[Black "c63_amg"]
[Result "1-0"]
[WhiteElo "2510"]
[BlackElo "2666"]
[TimeControl "180+2"]
[EndTime "14:51:05 PST"]
[Termination "TST2014 won by resignation"]

1. d4 Nf6 2. c4 e6 3. Nf3 Bb4+ 4.
Nc3 b6 5. e3 Bb7 6. Bd3 Ne4 7.
O-O Bxc3 8. bxc3 f5 9. Nd2 Qh4 10. f3 Ng5 11. Qe1 Qh5 12. Qg3 O-O 13. Qxc7 Bc6 14. Ba3 Re8 15. Qg3 Nf7 16. e4 Qh6 17.
f4 fxe4 18. Nxe4 Qh5 19. Nf6+ 1-0

[Event "*** Titled Tuesday Blitz"]
[Site "Chess.com"]
[Date "2019.01.01"]
[Round "8"]
[White "dolynachess"]
[Black "MatyChess1"]
[Result "0-1"]
[WhiteElo "2378"]
[BlackElo "2495"]
[TimeControl "180+2"]
[EndTime "14:51:06 PST"]
[Termination "MatyChess1 won by resignation"]

1. d4 Nf6 2. c4 e6 3. g3 Bb4+ 4.
Nd2 O-O 5. Bg2 c5 6. Nf3 cxd4 7.
Nxd4 Nc6 8. Nc2 Be7 9. O-O d5 10. cxd5 exd5 11. Nb3 Bg4 12. Ncd4 Qd7 13. Bf4 Rfe8 14.
Rc1 Rac8 15. Re1 Bh3 16. Bf3 Bb4 17. Bd2 Bf8 18. Nc5 Bxc5 0-1

[Event "*** Titled Tuesday Blitz"]
[Site "Chess.com"]
[Date "2019.01.01"]
[Round "8"]
[White "sergiochess83"]
[Black "IMAghasiyevKamal"]
[Result "1-0"]
[WhiteElo "2767"]
[BlackElo "2550"]
[TimeControl "180+2"]
[EndTime "14:51:07 PST"]
[Termination "sergiochess83 won by resignation"]

1. e4 e5 2. Nf3 Nc6 3. Bb5 a6 4. Ba4 Nf6 5. O-O Be7 6. d3 b5 7. Bb3 d6 8. c3 O-O 9. Nbd2 Na5 10. Bc2 c5 11. Re1 Nc6 12. Nf1 h6 13. Ng3 Be6 14.
d4 cxd4 15. cxd4 Bg4 16. Be3 Rc8 17. Bb3 Bxf3 18. gxf3 d5 19. dxe5 Nxe5 20. f4 Nc4 21.
e5 Ne4 22. Nf5 Qd7 23. Qg4 1-0

[Event "*** Titled Tuesday Blitz"]
[Site "Chess.com"]
[Date "2019.01.01"]
[Round "8"]
[White "Alexander_Donchenko"]
[Black "snowlord"]
[Result "0-1"]
[WhiteElo "2654"]
[BlackElo "2703"]
[TimeControl "180+2"]
[EndTime "14:51:52 PST"]
[Termination "snowlord won by resignation"]

1. b3 Nf6 2. Bb2 g6 3. f4 d5 4. Nf3 Bg7 5. e3 O-O 6. Be2 b6 7. O-O Bb7 8. Qe1 c5 9. d3 Nc6 10. Nbd2 d4 11. Nc4 b5 12. Nce5 Nb4 13. Bd1 dxe3 14.
Qxe3 Rc8 15. Qf2 Ng4 16. Nxg4 Bxb2 17. Nh6+ Kg7 18. Rb1 Bxf3 19. Rxb2 Bxd1 20. Qh4 Qd4+ 21. Kh1 Qxb2 22. Rxd1 Qf6 23. Qh3 Qxf4 0-1

[Event "*** Titled Tuesday Blitz"]
[Site "Chess.com"]
[Date "2019.01.01"]
[Round "8"]
[White "VladDobrov"]
[Black "abubakrtagelsir"]
[Result "1-0"]
[WhiteElo "2817"]
[BlackElo "2252"]
[TimeControl "180+2"]
[EndTime "14:52:00 PST"]
[Termination "VladDobrov won by resignation"]

1. e4 d6 2. d4 Nf6 3. Nc3 g6 4. Bg5 Bg7 5. Qd2 h6 6. Bh4 c6 7.
f4 d5 8. e5 Ne4 9. Nxe4 dxe4 10.
Bc4 O-O 11. Ne2 a5 12. a3 Qb6 13. O-O Re8 14. Kh1 Bf5 15. Ng3 e3 16. Qxe3 Bxc2 17.
f5 g5 18. Bxg5 hxg5 19. Qxg5 c5 20. f6 exf6 21. exf6 1-0

[Event "*** Titled Tuesday Blitz"]
[Site "Chess.com"]
[Date "2019.01.01"]
[Round "8"]
[White "pedroholly22"]
[Black "Iyael"]
[Result "1-0"]
[WhiteElo "2278"]
[BlackElo "2163"]
[TimeControl "180+2"]
[EndTime "14:52:18 PST"]
[Termination "pedroholly22 won by checkmate"]

1. e4 c5 2. Nf3 Nc6 3. d4 cxd4 4. Nxd4 Nf6 5. Nc3 e5 6. Ndb5 d6 7. Nd5 Nxd5 8. exd5 Nb8 9. c4 Be7 10. c5 a6 11. Nxd6+ Bxd6 12. cxd6 Qxd6 13. Be3 O-O 14. Rc1 Rd8 15. Bc4 Bf5 16. O-O Nd7 17. Qe2 b5 18. Bb3 Rac8 19. f4 exf4 20. Bxf4 Qg6 21. d6 Bd3 22. Bxf7+ Kxf7 23. Qe7+ Kg8 24. Rxc8 Rxc8 25. Qxd7 Re8 26. Rc1 Be4 27. Bg3 Bd5 28. h3 Be6 29. Qc6 Qxg3 30. Qxe8# 1-0

[Event "*** Titled Tuesday Blitz"]
[Site "Chess.com"]
[Date "2019.01.01"]
[Round "8"]
[White "FightingChess"]
[Black "GremioPrudente"]
[Result "1-0"]
[WhiteElo "2272"]
[BlackElo "2031"]
[TimeControl "180+2"]
[EndTime "14:52:21 PST"]
[Termination "FightingChess won on time"]

1. e4 e6 2. d4 d5 3. Nd2 Nf6 4. e5 Nfd7 5. Bd3 c5 6. c3 Nc6 7.
Ne2 Qb6 8. Nf3 cxd4 9. cxd4 f6 10. exf6 Nxf6 11. O-O Bd6 12. b3 O-O 13. Bf4 Bxf4 14. Nxf4 Ne4 15. Ne2 e5 16. Bxe4 dxe4 17. Nxe5 Bg4 18.
Nxg4 Rad8 19. d5 h5 20. Ne3 Ne5 21. Qd4 Nf3+ 22. gxf3 Qg6+ 23. Ng3 h4 24. Qxe4 1-0

[Event "*** Titled Tuesday Blitz"]
[Site "Chess.com"]
[Date "2019.01.01"]
[Round "8"]
[White "pandamaster3000"]
[Black "ChessChronicles123"]
[Result "1-0"]
[WhiteElo "2219"]
[BlackElo "1813"]
[TimeControl "180+2"]
[EndTime "14:52:25 PST"]
[Termination "pandamaster3000 won by resignation"]

1. e4 c5 2. Nf3 d6 3. Bb5+ Bd7 4. Bxd7+ Qxd7 5. d4 cxd4 6. Nxd4 Nf6 7. Nc3 Nc6 8.
O-O e5 9. Nde2 Be7 10. Bg5 O-O 11. Bxf6 Bxf6 12. Nd5 Be7 13. Qd2 f5 14. exf5 Qxf5 15. c3 Bg5 16. Qd1 Rf7 17. Ng3 Qe6 18. Ne4 Bh4 19. Qd2 Raf8 20. Rad1 Qg6 21. Ng3 Bxg3 22. hxg3 e4 23. Nf4 Qg4 24. Qxd6 Rc8 25. Qe6 Rf8 26. Qxg4 1-0

[Event "*** Titled Tuesday Blitz"]
[Site "Chess.com"]
[Date "2019.01.01"]
[Round "8"]
[White "Anahita_Gholami"]
[Black "olksuna"]
[Result "1-0"]
[WhiteElo "2694"]
[BlackElo "2481"]
[TimeControl "180+2"]
[EndTime "14:52:26 PST"]
[Termination "Anahita_Gholami won by checkmate"]

1. d4 d5 2. c4 e6 3. Nc3 c6 4.
e4 dxe4 5. Nxe4 Bb4+ 6. Bd2 Qxd4 7. Bxb4 Qxe4+ 8. Be2 a5 9. Bf8 Ne7 10. Bxg7 Rg8 11. Bc3 Rxg2 12. Nf3 e5 13. Qd2 Bg4 14. Nxe5 Bf5 15. Rd1 Rg3 16. Qd8# 1-0

[Event "*** Titled Tuesday Blitz"]
[Site "Chess.com"]
[Date "2019.01.01"]
[Round "8"]
[White "attack2mateU"]
[Black "pastouche06"]
[Result "1-0"]
[WhiteElo "2602"]
[BlackElo "2450"]
[TimeControl "180+2"]
[EndTime "14:52:38 PST"]
[Termination "attack2mateU won by resignation"]

1. e4 c6 2. d4 d5 3. e5 Bf5 4. Nf3 e6 5. Be2 c5 6. Be3 cxd4 7. Nxd4 Ne7 8. O-O Nbc6 9. Bb5 a6 10. Bxc6+ bxc6 11. c4 Qd7 12. Na3 c5 13. Nb3 d4 14.
Nxc5 Qc7 15. Qa4+ Qc6 16. Bxd4 Qxa4 17. Nxa4 Nc6 18. Bc3 Bxa3 19. bxa3 Bd3 20. Rfc1 O-O 21. Nb6 Ra7 22. c5 Rc7 23. Rd1 1-0

[Event "*** Titled Tuesday Blitz"]
[Site "Chess.com"]
[Date "2019.01.01"]
[Round "8"]
[White "2165149677570"]
[Black "MasterKroket"]
[Result "1/2-1/2"]
[WhiteElo "2348"]
[BlackElo "2447"]
[TimeControl "180+2"]
[EndTime "14:52:40 PST"]
[Termination "Game drawn by repetition"]

1. e4 c5 2. Nf3 e6 3. d4 cxd4 4. Nxd4 Nc6 5. Nc3 Qc7 6. Be2 a6 7. O-O Nf6 8. Be3 Bb4 9. Nxc6 bxc6 10. Qd4 Bd6 11. g3 Bb7 12. Rad1 Be5 13. Qb4 a5 14. Qc5 d6 15. Qa3 O-O 16. Na4 Nxe4 17. f3 Nc5 18. Nxc5 dxc5 19. Bxc5 Rfd8 20. f4 Bf6 21. Bf3 Rxd1 22.
Rxd1 Rd8 23. Rxd8+ Qxd8 24. Qb3 Ba6 25. Qb6 Qxb6 26. Bxb6 Bxb2 27. Bxc6 Bc3 28. Kf2 Kf8 29. Ke3 Ke7 30. Bc5+ Kd8 31. Bb6+ Ke7 32. Bc5+ Kd8 33. Bb6+ Ke7 34. Bc5+ 1/2-1/2

[Event "*** Titled Tuesday Blitz"]
[Site "Chess.com"]
[Date "2019.01.01"]
[Round "8"]
[White "ehrenfeld"]
[Black "Kurai"]
[Result "1-0"]
[WhiteElo "2451"]
[BlackElo "2509"]
[TimeControl "180+2"]
[EndTime "14:52:43 PST"]
[Termination "ehrenfeld won by resignation"]

1. e4 e5 2. Nc3 Nf6 3. f4 d5 4. fxe5 Nxe4 5. Qf3 Nxc3 6. bxc3 Be7 7. d4 Be6 8. Bd3 c5 9. Ne2 Nc6 10. O-O O-O 11.
Be3 Qd7 12. Nf4 Rac8 13. Qh5 g6 14. Qh6 Bf5 15. Nh5 1-0

[Event "*** Titled Tuesday Blitz"]
[Site "Chess.com"]
[Date "2019.01.01"]
[Round "8"]
[White "Quiet_Desperation"]
[Black "MehdiHosseinipour"]
[Result "0-1"]
[WhiteElo "2377"]
[BlackElo "2564"]
[TimeControl "180+2"]
[EndTime "14:52:49 PST"]
[Termination "MehdiHosseinipour won by resignation"]

1. e4 c5 2. d4 cxd4 3. c3 Nf6 4. e5 Nd5 5. Nf3 Nc6 6. Bc4 Nb6 7. Bb3 d5 8. exd6 Qxd6 9. cxd4 g6 10. Nc3 Bg7 11.
Be3 O-O 12. h3 Na5 13. O-O Nxb3 14. axb3 Nd5 15. Ne4 Qb6 16. Nc5 Bf5 17. Nh4 Be6 18. Qd2 Rfd8 19. Bh6 Bh8 20. Rfe1 Nc7 21. Nxe6 Nxe6 22.
d5 Qxb3 23. Rad1 Bf6 24. Nf3 Nc7 25. d6 Rxd6 26. Qf4 Rxd1 27. Qxc7 Rxe1+ 28. Nxe1 Qd1 29. Kf1 Qd5 30. Nf3 Rd8 31. g4 Qd7 32. Qc5 Qc6 33. Qa3 Qa6+ 0-1

[Event "*** Titled Tuesday Blitz"]
[Site "Chess.com"]
[Date "2019.01.01"]
[Round "8"]
[White "HonzaVykouk"]
[Black "OparinGrigoriy"]
[Result "0-1"]
[WhiteElo "2659"]
[BlackElo "2916"]
[TimeControl "180+2"]
[EndTime "14:53:07 PST"]
[Termination "OparinGrigoriy won by resignation"]

1. e4 c6 2. d4 d5 3. Nd2 dxe4 4. Nxe4 Nf6 5. Nxf6+ exf6 6. c3 Bd6 7. Bd3 O-O 8.
Qc2 Re8+ 9. Ne2 h5 10. Bd2 Nd7 11. O-O-O Nf8 12. Nf4 Bxf4 13. Bxf4 Qd5 14. Kb1 Qxg2 15. Rhg1 Qf3 16. Be3 Ng6 17. Ka1 Bg4 18. Rde1 f5 19.
c4 f4 20. Bc1 Rad8 21. Rxe8+ Rxe8 22. Bxg6 fxg6 23. Qxg6 Qe4 24. Qg5 Qxd4 25. Qxf4 Re4 26. Qd2 Qxd2 27. Bxd2 Rxc4 28. Bc3 g6 29. Re1 Kf7 30.
Re3 Rf4 31. Be1 Bf5 32. b3 Rh4 33. f4 Rxh2 34. Bb4 Be6 35. Bd6 h4 36. Re1 Rg2 0-1

[Event "*** Titled Tuesday Blitz"]
[Site "Chess.com"]
[Date "2019.01.01"]
[Round "8"]
[White "TwentyHourADay"]
[Black "Saitama_Hero"]
[Result "1-0"]
[WhiteElo "2275"]
[BlackElo "2370"]
[TimeControl "180+2"]
[EndTime "14:53:10 PST"]
[Termination "TwentyHourADay won by resignation"]

1. e4 c6 2. d4 g6 3. Nc3 d5 4. e5 Bg7 5. h4 h5 6. Bg5 Qb6 7. Nge2 Qxb2 8. Rb1 Qa3 9. Rb3 Qa5 10. Nf4 Nh6 11. Bd3 Nf5 12. e6 Bxe6 13.
Nxe6 fxe6 14. Bxf5 exf5 15. Qe2 O-O 16. O-O Qc7 17.
Qe6+ Kh7 18. Re1 Re8 19. Ne2 Nd7 20. Nf4 Nf8 21. Qf7 Rac8 22. Re6 Nxe6 23. Nxe6 Rg8 24.
Nxc7 Rxc7 25. Bf4 Rd7 26. Rg3 1-0